 Dungeon Crawl Stone Soup version 0.21.1-1-g345015f (webtiles) character file.

110 kae the Insei (level 4, -2/29 HPs)
             Began as an Octopode Transmuter on May 26, 2018.
             Slain by a centaur (10 damage)
             ... on level 3 of the Dungeon.
             The game lasted 00:02:15 (3507 turns).

kae the Insei (Octopode Transmuter)                 Turns: 3507, Time: 00:02:16

Health: -2/29      AC:  1    Str:  9    XL:     4   Next: 91%
Magic:  6/7        EV: 14    Int: 15    God:
Gold:   92         SH:  0    Dex: 13    Spells: 7/8 levels left

rFire    . . .     SeeInvis .     - Unarmed
rCold    . . .     Gourm    .   (no shield)
rNeg     . . .     Faith    .   (helmet restricted)
rPois    .         Spirit   .   (no amulet)
rElec    .         Reflect  .   (no ring)
rCorr    .         Harm     .   (no ring)
MR       .....                  (no ring)
Stlth    ++........             (no ring)
HPRegen  0.09/turn              (no ring)
MPRegen  0.10/turn              (no ring)
                                (no ring)
                                (no ring)

@: appendage
A: almost no armour, stealthy swim, amphibious, 8 rings, constrict 8, tentacle
spike 3, camouflage 1, gelatinous body 1
a: End Transformation


You were on level 3 of the Dungeon.
You were not hungry.
One of your tentacles had a temporary spike.
You visited 1 branch of the dungeon, and saw 3 of its levels.

You collected 92 gold pieces.

Inventory:

Missiles
 a - 58 arrows
Jewellery
 h - an uncursed ring of fire {unknown}
Scrolls
 d - 2 scrolls of remove curse {unknown}
 i - a scroll of noise {unknown}
 j - 2 scrolls of enchant armour {unknown}
 k - a scroll of blinking {unknown}
 m - 2 scrolls of teleportation {unknown}
 n - a scroll of identify {unknown}
 o - a scroll of enchant weapon {unknown}
Potions
 e - a potion of heal wounds {unknown}
 f - a potion of degeneration {unknown}
 g - a potion of magic {unknown}
 l - a potion of haste {unknown}
 q - a potion of invisibility {unknown}
Books
 b - a book of Changes

   Spells                             Type                      Level
   a - Beastly Appendage              Transmutation                1
   b - Sticks to Snakes               Transmutation                2
   c - Spider Form                    Transmutation/Poison         3
   d - Ice Form                       Ice/Transmutation            4
   e - Blade Hands                    Transmutation                5
Comestibles
 c - 4 rations
 p - 2 chunks of flesh


   Skills:
 + Level 1.8 Fighting
 + Level 2.4 Dodging
 * Level 3.8 Unarmed Combat
 + Level 2.5 Spellcasting
 * Level 3.1 Transmutations


You had 7 spell levels left.
You knew the following spells:

 Your Spells              Type           Power        Failure   Level  Hunger
a - Beastly Appendage     Tmut           ##....       6%          1    #......


Dungeon Overview and Level Annotations

Branches:
Dungeon (3/15)

Altars:
Ru


Innate Abilities, Weirdness & Mutations

You cannot wear most types of armour.
You are very stealthy in the water. (Stealth+)
You are amphibious.
You can wear up to eight rings at the same time.
You can use your tentacles to constrict eight enemies at once.
Your skin changes colour to match your surroundings (Stealth+).
Your rubbery body absorbs attacks. (AC +1, EV +1)
One of your tentacles bears a large vicious spike.


Message History

The centaur barely misses you. x2
You tentacle-slap the centaur.
The centaur is moderately wounded.
The centaur barely misses you.
You tentacle-slap the centaur.
The centaur is moderately wounded.
The centaur hits you!
You barely miss the centaur.
You pierce the centaur.
You squeeze the centaur.
The centaur is severely wounded.
The centaur misses you. The centaur completely misses you.
You closely miss the centaur.
The centaur is severely wounded.
The centaur hits you.
* * * LOW HITPOINT WARNING * * *
Okay, then.
Unknown command.
You completely miss the centaur.
The centaur is severely wounded.
The centaur misses you. The centaur hits you!
You die...

#.#.###....#.
#.#..........
#.#.....###.
#.......#
#.......###.#
#<..........#
#.#.....#####
#)#####.....#
#.......###@#
######.# #c#
..# #.# #...
..? #... ...
#########


You could see a centaur.

Vanquished Creatures
  4 adders
  An ooze (D:1)
  A worm (D:3)
  2 dart slugs (D:2)
  3 leopard geckos
  13 bats
  5 giant cockroaches
  6 goblins
  7 hobgoblins
  2 jackals (D:2)
  A quokka (D:2)
  A frilled lizard (D:3)
  6 kobolds
  5 rats
57 creatures vanquished.

Notes
Turn   | Place    | Note
-------+----------+-------------------------------------------
     0 | D:1      | kae the Octopode Transmuter began the quest for the Orb.
     0 | D:1      | Reached XP level 1. HP: 13/13 MP: 3/3
   390 | D:1      | Reached XP level 2. HP: 9/18 MP: 5/5
  1464 | D:1      | Reached XP level 3. HP: 9/23 MP: 6/6
  2513 | D:2      | Found a sacrificial altar of Ru.
  2577 | D:2      | Reached XP level 4. HP: 20/29 MP: 7/7
  3498 | D:3      | Noticed a centaur
  3507 | D:3      | Slain by a centaur

Skill      XL: |  1  2  3  4 |
---------------+-------------+-----
Transmutations | 3 |  3.1
Fighting       | |  1.8
Dodging        | |  2.4
Unarmed Combat | |  3.8
Spellcasting   | |  2.5

Action                   |  1- 3 |  4- 6 || total
-------------------------+-------+-------++-------
Melee: Unarmed           |    95 |    57 ||   152
       Constrict         |    31 |    15 ||    46
       Tentacles         |     9 |    11 ||    20
       Kick              |     2 |    11 ||    13
       Punch             |     1 |     2 ||     3
 Cast: Beastly Appendage |     6 |     7 ||    13
  Use: Scroll            |     1 |       ||     1
 Stab: Sleeping          |     6 |     2 ||     8
  Eat: Chunk             |     5 |     3 ||     8
Armor: Skin              |    27 |     5 ||    32
Dodge: Dodged            |    94 |    40 ||   134
